 Dungeon Crawl Stone Soup version 0.29.0-11-gd7f09526c8 (webtiles) character file.

Game seed: 7669055144112108975

3323 Flugkiller the Cleaver (level 9, -3/82 HPs)
             Began as a Minotaur Fighter on Sept 4, 2022.
             Was a Believer of Cheibriados.
             Slain by a vampire
             ... wielding a +0 vampiric halberd
              (11 damage)
             ... in a bailey.
             The game lasted 00:04:18 (9794 turns).

Flugkiller the Cleaver (Minotaur Fighter)           Turns: 9794, Time: 00:04:18

Health: -3/82      AC: 12    Str: 28    XL:     9   Next: 71%
Magic:  9/9        EV: 11    Int: 11    God:    Cheibriados [**....]
Gold:   395        SH:  5    Dex: 19    Spells: 8/8 levels left

rFire   . . .      SeeInvis .   y - +5 war axe
rCold   . . .      Faith    +   c - +0 buckler
rNeg    . . .      Spirit   .   b - +0 scale mail
rPois   .          Reflect  .   (helmet restricted)
rElec   .          Harm     .   m - +0 cloak
rCorr   .          Rampage  .   (no gloves)
Will    .....                   h - +1 pair of boots
Stlth   ..........              i - amulet of faith
HPRegen 0.23/turn               (no ring)
MPRegen 0.11/turn               (no ring)

@: about to teleport, very slow
A: horns 2, retaliatory headbutt
a: Renounce Religion, Bend Time


You were in a bailey.
You worshipped Cheibriados.
Cheibriados was pleased with you.
You visited 1 branch of the dungeon, and saw 8 of its levels.
You also visited: Bailey.

You collected 395 gold pieces.

Inventory:

Hand Weapons
 y - a +5 war axe (weapon)
   (You took it off a wight on level 8 of the Dungeon)
Missiles
 n - 3 boomerangs (quivered)
Armour
 b - a +0 scale mail (worn)
 c - a +0 buckler (worn)
 h - a +1 pair of boots (worn)
   (You found it on level 1 of the Dungeon)
 m - a +0 cloak (worn)
   (You found it on level 2 of the Dungeon)
Jewellery
 i - an amulet of faith (around neck)
   (You found it on level 1 of the Dungeon)
Scrolls
 e - a scroll of enchant weapon
 f - 2 scrolls of fear
 g - a scroll of poison {unknown}
 k - 2 scrolls of fog
 l - 3 scrolls of magic mapping
 p - 2 scrolls of silence
 t - a scroll of teleportation
 w - a scroll of acquirement
 x - a scroll of immolation
Potions
 a - 2 potions of mutation {unknown}
 d - a potion of invisibility
 j - 2 potions of flight
 o - a potion of attraction
 q - 2 potions of curing
 r - a potion of brilliance {unknown}
 s - a potion of ambrosia {unknown}
 u - a potion of cancellation
 v - 2 potions of berserk rage


   Skills:
 + Level 8.8 Fighting
 * Level 11.4 Axes
 + Level 8.8 Armour
 + Level 2.0 Dodging
 - Level 3.6 Shields
 + Level 2.6 Invocations


You had 8 spell levels left.
You didn't know any spells.
Your spell library was empty.

Dungeon Overview and Level Annotations

Branches:
Dungeon (8/15)             Temple (0/1) D:7          Bailey (1/1)
   Lair: D:8-11

Altars:
Cheibriados
Fedhas
Gozag
Makhleb
Nemelex Xobeh
Trog
Uskayaw

Annotations:
D:4 Dowan, Duvessa
D:6 1 runed translucent door, nmsoi's ghost, novice GnAM


Innate Abilities, Weirdness & Mutations

You have a pair of horns on your head.
You reflexively headbutt those who attack you in melee.


Message History

An orc zombie comes into view. It is wielding a +0 spear.
The orc zombie moves out of view.
An orc zombie is nearby!
An orc zombie is nearby!
The orc zombie closely misses you. The orc zombie barely misses you.
You slash the orc zombie!
The orc zombie is severely damaged.
The orc zombie barely misses you. You furiously retaliate!
You headbutt the orc zombie!
You destroy the orc zombie!
Cheibriados appreciates the change of pace.
No target in view!
No target in view!
No target in view!
No target in view!
No target in view!
No target in view!
You see here a +0 spear.
A gargoyle comes into view. It is wielding a +0 dire flail.
A gargoyle is nearby!
A gargoyle is nearby!
A gargoyle is nearby!
The gargoyle barely misses you.
The gargoyle hurls a stone arrow at you.
The stone arrow hits you!
You slash the gargoyle! You headbutt the gargoyle.
The gargoyle is heavily damaged.
The gargoyle hurls a stone arrow at you.
The stone arrow hits you!!
You hit the gargoyle but do no damage. You headbutt the gargoyle.
The gargoyle is heavily damaged.
You block the gargoyle's attack.
You slice the gargoyle!!
You destroy the gargoyle!
Cheibriados thoroughly appreciates the change of pace.
Cheibriados raises the support of your attributes as your movement slows.
Your Dodging skill increases to level 2!
You see here a +0 dire flail.
You start resting.
HP restored.
You open the large door.
There is a large open door here.
Found a book of Maledictions.
A vampire comes into view. It is wielding a +0 vampiric halberd.
A vampire is nearby!
Found a lumpy blue potion and a bubbling orange potion.
The vampire hits you with a +0 vampiric halberd.
The vampire bites you.
The vampire draws strength from your injuries!
You hit the vampire but do no damage.
The vampire points at you and mumbles some strange words.
You resist with some effort.
You hit the vampire but do no damage.
The vampire gestures at you while chanting.
You resist with some effort.
You hit the vampire but do no damage.
You headbutt the vampire, but do no damage.
The vampire hits you with a +0 vampiric halberd!
The vampire bites you.
The vampire draws strength from your injuries!
You hit the vampire.
You headbutt the vampire, but do no damage.
The vampire is lightly damaged.
The vampire hits you with a +0 vampiric halberd!
The vampire bites you but does no damage.
You hit the vampire but do no damage.
The vampire is lightly damaged.
The vampire closely misses you. The vampire bites you.
The vampire draws strength from your injuries!
You closely miss the vampire.
The vampire is lightly damaged.
The vampire casts a spell.
The vampire flickers and vanishes!
Deactivating autopickup; reactivate with Ctrl-A.
You aren't carrying any items that you can evoke.
Unknown command.
Okay, then.
As you read the scroll of teleportation, it crumbles to dust.
You feel strangely unstable. Something hits you but does no damage.
Something bites you but does no damage.
Unknown command.
Something hits you. Something bites you.
Something draws strength from your injuries!
Something hits you. Something hits you but does no damage.
Your surroundings seem slightly different.
Something hits you!! Something bites you but does no damage.
You see here a book of Maledictions.
As you read the scroll of teleportation, it crumbles to dust.
You feel strangely unstable. Something hits you.
* * * LOW HITPOINT WARNING * * *
Something bites you but does no damage.
You completely miss something. You headbutt something. Something hits you!!
* * * LOW HITPOINT WARNING * * *
Something bites you.
* * * LOW HITPOINT WARNING * * *
Something draws strength from your injuries!
Unknown command.
You feel better. Something hits you!
You die...

#..#....##...
#..##....#...
#...##...##..
#8......##...
######....##....
##8...##...#....)
##[.....##..#.....
#8[.##...#..#.....
#@{####..'..#.....
#!.# #..'..#.....
#.!.##...#..#8..##
##!.....##.8#####.
##8...###### #.
###### #. ##


There were no monsters in sight!

Vanquished Creatures
  A gargoyle (Bailey)
  A steam dragon (D:7)
  2 water moccasins
  3 black bears
  A sky beast (D:6)
  2 ogres
  2 phantoms
  3 necrophages
  A bullfrog (D:8)
  3 scorpions
  4 wights (D:8)
  4 wolf zombies (Bailey)
  7 vampire bats (Bailey)
  2 jellies
  4 iguanas
  4 orc priests
  3 gnoll boudas (D:5)
  Ijyb (D:5)
  6 orc wizards
  19 gnolls
  6 adders
  3 shadow imps
  2 white imps
  2 ufetubi
  A worm (D:5)
  3 dart slugs
  26 orcs
  3 bats
  9 endoplasms
  A giant cockroach (D:3)
  6 goblins
  9 hobgoblins
  8 jackals
  5 kobolds
  A quokka (D:2)
  7 ball pythons
  A frilled lizard (D:2)
  18 orc zombies (Bailey)
  2 rats (D:1)
186 creatures vanquished.

Notes
Turn   | Place    | Note
-------+----------+-------------------------------------------
     0 | D:1      | Flugkiller the Minotaur Fighter began the quest for the
                  | Orb.
     0 | D:1      | Reached XP level 1. HP: 19/19 MP: 0/0
   477 | D:1      | Reached skill level 3 in Axes
   477 | D:1      | Reached XP level 2. HP: 27/27 MP: 1/1
   898 | D:2      | Reached XP level 3. HP: 33/33 MP: 2/2
   925 | D:2      | Found a faded altar of an unknown god.
  1112 | D:2      | Reached skill level 4 in Axes
  1402 | D:3      | Reached XP level 4. HP: 40/40 MP: 3/3
  2294 | D:4      | Noticed an ogre
  2299 | D:4      | Killed an ogre
  2300 | D:4      | Reached skill level 5 in Axes
  2300 | D:4      | Reached XP level 5. HP: 47/47 MP: 4/4
  2337 | D:4      | Reached skill level 5 in Fighting
  2421 | D:4      | Reached skill level 5 in Armour
  2678 | D:4      | Reached XP level 6. HP: 50/56 MP: 5/5
  3135 | D:5      | Entered Level 5 of the Dungeon
  3148 | D:5      | Reached skill level 6 in Axes
  3295 | D:5      | Identified a scroll of acquirement
  3311 | D:5      | Noticed Duvessa
  3311 | D:5      | Noticed Dowan
  3921 | D:4      | Reached XP level 7. HP: 32/62 MP: 6/6
  4244 | D:5      | Noticed Ijyb
  4249 | D:5      | Reached skill level 7 in Axes
  4261 | D:5      | Killed Ijyb
  5183 | D:5      | Reached skill level 8 in Axes
  5210 | D:5      | Reached XP level 8. HP: 32/71 MP: 7/7
  6117 | D:6      | Found a runed translucent door.
  6306 | D:6      | Reached skill level 9 in Axes
  6864 | D:6      | Reached skill level 10 in Axes
  7010 | D:6      | Reached XP level 9. HP: 81/81 MP: 8/8
  7249 | D:6      | Noticed nmsoi's ghost (novice GnAM)
  7397 | D:6      | Found a snail-covered altar of Cheibriados.
  7397 | D:6      | Found a hide-covered altar of Uskayaw.
  7403 | D:6      | Found a faded altar of an unknown god.
  7405 | D:6      | Found a bloodstained altar of Trog.
  7407 | D:6      | Found an opulent altar of Gozag.
  7622 | D:6      | Became a worshipper of Cheibriados the Contemplative
  7839 | D:7      | Found a staircase to the Ecumenical Temple.
  7987 | D:7      | Found a burning altar of Makhleb.
  8646 | D:7      | Found a blossoming altar of Fedhas.
  8772 | D:8      | Reached skill level 1 in Invocations
  9036 | D:8      | Found a sparkling altar of Nemelex Xobeh.
  9148 | D:8      | Reached * piety under Cheibriados
  9187 | D:8      | Found a flagged portal.
  9206 | Bailey   | Entered a bailey
  9477 | Bailey   | Reached ** piety under Cheibriados
  9478 | Bailey   | Reached skill level 11 in Axes
  9479 | Bailey   | Reached skill level 1 in Dodging
  9620 | Bailey   | Noticed a gargoyle
  9625 | Bailey   | Killed a gargoyle
  9793 | Bailey   | HP: 4/82 [something (19)]
  9793 | Bailey   | HP: 1/82 [something (3)]
  9794 | Bailey   | Slain by a vampire

Illustrated notes

Levels and vault maps discovered:
D:1:      erik_arrival_blinker_ship, layout_basic
D:2:      layout_rooms, shapermc_ecumenical_altar_starsandcircs,
          serial_bayou_crossing
D:3:      layout_basic
D:4:      layout_loops_ring
D:5:      layout_cave_pods, uniq_duvessa, uniq_ijyb
D:6:      layout_loops_ring, chequers_temple_overflow_minitemple,
          ebering_ghost_reflecting_pool
D:7:      layout_loops_ring, fedhas_altar_4, marbit_many_paths,
          temple_fountains, chequers_serial_rivers_micro_e
D:8:      layout_basic, kennysheep_mini, enter_bailey_3
Bailey:   bailey_polearm_vampire_castle_hellmonk, bailey

Skill      XL: |  1  2  3  4  5  6  7  8  9 |
---------------+----------------------------+-----
Axes           | 3 4 5 6 8 10 11 | 11.4
Armour         | 4 5 6 7 8 |  8.8
Fighting       | 4 5 6 7 8 |  8.8
Invocations    | 2 |  2.6
Dodging        | 2 |  2.0
Shields        | |  3.6

Action                   |  1- 3 |  4- 6 |  7- 9 || total
-------------------------+-------+-------+-------++-------
Melee: War axe           |    59 |   104 |   300 ||   463
       Headbutt          |     7 |    19 |    50 ||    76
  Use: Potion            |       |     4 |     2 ||     6
       Scroll            |       |    10 |     8 ||    18
Armor: Scale mail        |    28 |    56 |   196 ||   280
Dodge: Dodged            |    24 |    58 |   159 ||   241
Block: Buckler           |     9 |    24 |    74 ||   107
